 Dungeon Crawl Stone Soup version 0.28.0-43-g3370ac3207 (webtiles) character file.

Game seed: 16691435302188138659

69846 CryoSword the Fighter (level 14, -23/127 HPs)
             Began as a Pale Draconian Conjurer on Mar 23, 2022.
             Was a High Priest of Dithmenos.
             Annihilated by Agnes
             ... wielding a +0 antimagic lajatang
              (27 damage)
             ... on level 14 of the Dungeon.
             The game lasted 01:17:14 (34131 turns).

CryoSword the Fighter (Pale Draconian Conjurer)    Turns: 34131, Time: 01:17:14

Health: -23/127    AC: 13    Str: 11    XL:     14   Next: 91%
Magic:  1/24       EV: 15    Int: 27    God:    Dithmenos [*****.]
Gold:   487        SH:  6    Dex: 11    Spells: 12/26 levels left

rFire   + . .      SeeInvis .   w - +8 rapier (drain)
rCold   . . .      Faith    .   H - +2 buckler {rF+}
rNeg    . . .      Spirit   .   (armour unavailable)
rPois   .          Reflect  .   (helmet restricted)
rElec   .          Harm     .   u - +0 cloak
rCorr   .          Rampage  .   f - +0 pair of gloves
Will    +....                   N - +2 pair of boots
Stlth   +++++++...              (no amulet)
HPRegen 0.31/turn               Q - +4 ring of slaying
MPRegen 0.19/turn               o - +6 ring of intelligence

@: hasted, wreathed by umbra, very quick
A: breathe steam, AC +8, unfitting armour, cold-blooded, steam resistance
a: Breathe Steam, Renounce Religion, Shadow Step, Shadow Form


You were on level 14 of the Dungeon.
You worshipped Dithmenos.
Dithmenos was extremely pleased with you.
You visited 3 branches of the dungeon, and saw 21 of its levels.
You also visited: Volcano.

You collected 1687 gold pieces.
You spent 1200 gold pieces at shops.

Inventory:

Hand Weapons
 w - a +8 rapier of draining (weapon)
   (You took it off Eustachio on level 6 of the Dungeon)
Missiles
 s - 13 poisoned darts (quivered)
 v - 11 boomerangs
 D - 2 curare-tipped darts
 I - a throwing net
Armour
 f - a +0 pair of gloves (worn)
   (You found it on level 1 of the Dungeon)
 u - a +0 cloak (worn)
   (You found it on level 5 of the Dungeon)
 H - a +2 buckler of fire resistance (worn)
   (You took it off an orc wizard on level 12 of the Dungeon)
 N - a +2 pair of boots (worn)
   (You found it on level 12 of the Dungeon)
Magical Staves
 M - a staff of air
   (You found it on level 5 of the Lair of Beasts)
Jewellery
 o - a +6 ring of intelligence (right hand)
   (You found it on level 4 of the Dungeon)
 Q - a +4 ring of slaying (left hand)
   (You found it on level 6 of the Lair of Beasts)
Wands
 x - a wand of acid (6)
   (You found it on level 12 of the Dungeon)
 A - a wand of digging (9)
   (You took it off Crazy Yiuf on level 6 of the Dungeon)
Scrolls
 a - 2 scrolls of amnesia
 b - 2 scrolls of silence
 h - a scroll of identify {@r1}
 i - 2 scrolls of torment {unknown}
 j - 3 scrolls of blinking
 k - a scroll of holy word {unknown}
 m - 6 scrolls of teleportation {@r4}
 n - 3 scrolls of fog
 t - 2 scrolls of immolation {!r}
 z - a scroll of magic mapping {unknown}
 B - 3 scrolls of brand weapon
 E - a scroll of acquirement {unknown}
 F - 2 scrolls of enchant armour {unknown}
 G - 2 scrolls of summoning
 O - a scroll of fear {unknown}
 P - 2 scrolls of vulnerability {unknown}
Potions
 c - 3 potions of cancellation
 d - 6 potions of lignification {!q}
 e - 14 potions of curing {@q1}
 g - 4 potions of magic
 l - 6 potions of heal wounds {@q2}
 p - 5 potions of flight
 q - 4 potions of attraction {!q}
 r - 4 potions of ambrosia
 y - a potion of resistance {unknown}
 C - 4 potions of brilliance
 J - 3 potions of invisibility
 K - 5 potions of mutation {!q}
 L - a potion of haste {@q3}


   Skills:
 + Level 12.8 Fighting
 * Level 9.8 Short Blades
 - Level 10.5 Dodging
 - Level 10.1 Stealth
 * Level 4.0 Shields
 + Level 6.8 Spellcasting
 - Level 9.6 Conjurations
 + Level 2.9 Translocations
 + Level 11.9 Fire Magic
 - Level 4.0 Air Magic


You had 12 spell levels left.
You knew the following spells:

 Your Spells              Type           Power      Damage    Failure   Level
a - Magic Dart            Conj           100%       1d8       1%          1
b - Searing Ray           Conj           100%       2d8       1%          2
c - Sticky Flame          Conj/Fire      61%        2d8       1%          4
d - Iskenderun's Mystic   Conj/Tloc      43%        2d10      5%          4
C - Mephitic Cloud        Conj/Pois/Air  33%        N/A       3%          3

Your spell library contained the following spells:

 Spells                   Type           Power      Damage    Failure   Level
 Shock                    Conj/Air       100%       1d9       1%          1
 Conjure Flame            Conj/Fire      61%        6-21      1%          3
 Dazzling Flash           Conj/Hex       70%        N/A       3%          3
 Corpse Rot               Necr/Air       38%        N/A       4%          2
 Ignite Poison            Fire/Tmut/Pois 30%        N/A       4%          3
 Fulminant Prism          Conj/Hex       17%        3d11      11%         4
 Freezing Cloud           Conj/Ice/Air   16%        6-21      32%         5
 Cause Fear               Hex            4%         N/A       58%         4
 Dispel Undead            Necr           9%         3d8       58%         4
 Orb of Destruction       Conj           28%        9d9       77%         7
 Iron Shot                Conj/Erth      17%        9d4       85%         6
 Blade Hands              Tmut           4%         N/A       91%         5
 Death Channel            Necr           4%         N/A       100%        6
 Dragon Form              Tmut           4%         N/A       100%        7
 Dragon's Call            Summ           4%         N/A       100%        9
 Fire Storm               Conj/Fire      30%        8d8       100%        9
 Animate Armour           Summ/Erth      Unusable   N/A       N/A         4

Dungeon Overview and Level Annotations

Branches:
Dungeon (14/15)            Temple (1/1) D:5            Lair (6/6) D:8
  Swamp (0/4) Lair:3        Snake (0/4) Lair:4        Slime (0/5) Lair:6
    Orc (0/2) D:11         Vaults (0/5) D:13        Volcano (visited)

Altars:
Ashenzari
Cheibriados
Dithmenos
Elyvilon
Fedhas
Gozag
Hepliaklqana
Kikubaaqudgha
Makhleb
Nemelex Xobeh
Okawaru
Qazlal
Ru
Sif Muna
Trog
Uskayaw
Vehumet
Wu Jian
Xom
Yredelemnul
Zin
The Shining One

Shops:
D:1 =   D:2 !   D:5 :   D:6 *

Annotations:
D:14 Agnes
Lair:5 2 transporters, exclusion: oklob plant, Peloso's ghost, journeyman MiFi


Innate Abilities, Weirdness & Mutations

You can breathe blasts of scalding, opaque steam.
Your pale cyan-grey scales are hard. (AC +8)
You cannot fit into any form of body armour.
You are cold-blooded and may be slowed by cold attacks.
You are immune to the effects of steam.


Message History

You climb downwards.
There is a stone staircase leading up, spattered with blood here.
You block the skeletal warrior's attack.
Things that are here:
a +0 robe; a +0 glaive
Aim: a skeletal warrior, wielding a +0 trident (umbra, 100% to hit)
The sticky flame hits the skeletal warrior but does no damage.
The skeletal warrior is covered in liquid flames!
The skeletal warrior burns!
The skeletal warrior hits you with a +0 trident!
Aim: a skeletal warrior, wielding a +0 trident (lightly damaged, covered in liquid flames, umbra, 87% to hit)
The searing ray hits the skeletal warrior! (Press . to maintain the ray.)
Your shadow mimicks your spell!
The shadow bolt hits the skeletal warrior!!
The skeletal warrior burns!
The skeletal warrior hits you but does no damage.
The searing ray hits the skeletal warrior but does no damage.
The skeletal warrior burns!
The skeletal warrior hits you with a +0 trident!
The searing ray hits the skeletal warrior.
The skeletal warrior burns!
The skeletal warrior hits you with a +0 trident!
The searing ray hits the skeletal warrior but does no damage.
You finish channelling your searing ray.
The skeletal warrior burns!
You block the skeletal warrior's attack.
Aim: a skeletal warrior, wielding a +0 trident (almost destroyed, covered in liquid flames, umbra, 87% to hit)
The searing ray hits the skeletal warrior. (Press . to maintain the ray.)
The skeletal warrior burns!
You destroy the skeletal warrior!
Dithmenos accepts your kill.
There is a stone staircase leading up, spattered with blood here.
You climb upwards.
There is a stone staircase leading down here.
You start resting.
You start resting.
You climb downwards.
There is a stone staircase leading up, spattered with blood here.
Okay, then.
There is a stone staircase leading up here.
Things that are here:
a +0 plate armour; a +0 war axe You now have 469 gold pieces (gained 16).
There is an open door here.
h - a scroll of identify {@r1}
There is an open door here.
Found 20 stones.
A centaur warrior comes into view.
Found 17 stones.
A centaur warrior is nearby!
A centaur warrior is nearby!
Unknown command.
No target in view!
There is an open door here.
A centaur warrior is nearby!
A centaur warrior is nearby!
A centaur warrior is nearby!
There is an open door here.
That beam is likely to hit you.
Continue anyway?
Okay, then.
Okay, then.
You see here 17 stones.
The ball explodes into a vile cloud!
The stinking cloud engulfs the centaur warrior but does no damage.
The centaur warrior wields a +0 shortbow.
The centaur warrior shoots an arrow.
You block the arrow.
Aim: a centaur warrior, wielding a +0 shortbow and quivering arrows (umbra, 81% to hit)
You exhale a blast of scalding steam.
The ball of steam hits the centaur warrior!
The centaur warrior is engulfed in a cloud of scalding steam.
The centaur warrior is engulfed in a cloud of scalding steam.
The centaur warrior shoots an arrow.
The arrow hits you!
The centaur warrior is engulfed in a cloud of scalding steam.
The centaur warrior unwields a +0 shortbow.
The centaur warrior barely misses you. The centaur warrior kicks you.
The centaur warrior is engulfed in a cloud of scalding steam.
The centaur warrior hits you but does no damage.
The centaur warrior kicks you.
Aim: a centaur warrior, quivering arrows (steam, heavily wounded, umbra, 100% to hit)
The sticky flame hits the centaur warrior.
The centaur warrior is covered in liquid flames!
Your shadow mimicks your spell!
The shadow shard hits the centaur warrior!!
The centaur warrior burns!
You kill the centaur warrior!
Dithmenos accepts your kill.
Your Shields skill increases to level 4!
You have got your breath back.
Things that are here:
a +0 shortbow; 9 arrows
There is an open door here.
You now have 481 gold pieces (gained 12).
There is an open door here.
There is an open door here.
You now have enough gold to buy Vuph's Compendium of Floating Transmutation on D:5.
You now have 487 gold pieces (gained 6).
There is an open door here.
Found a stone staircase leading down.
Agnes and 2 skeletal warriors come into view.
Agnes is wielding a +0 antimagic lajatang.
A skeletal warrior comes into view. It is wielding a +0 hand axe.
Aim: Agnes, wielding a +0 antimagic lajatang and wearing a +0 robe (asleep, umbra, 100% to hit)
You exhale a blast of scalding steam.
The ball of steam hits Agnes!
Agnes shouts!
Agnes is engulfed in a cloud of scalding steam. x2
Agnes hits you with a +0 antimagic lajatang!
You feel your power leaking away.
Aim: Agnes, wielding a +0 antimagic lajatang and wearing a +0 robe (steam, moderately wounded, umbra, 61% to hit)
The searing ray hits Agnes!
The searing ray hits the skeletal warrior. (Press . to maintain the ray.)
You have got your breath back.
Agnes is engulfed in a cloud of scalding steam.
Agnes hits you with a +0 antimagic lajatang!
You feel your power leaking away.
Agnes is engulfed in a cloud of scalding steam.
Agnes hits you but does no damage.
The searing ray misses Agnes.
The searing ray misses the skeletal warrior.
Agnes is engulfed in a cloud of scalding steam.
You block Agnes's attack.
The skeletal warrior is engulfed in a cloud of scalding steam.
Agnes is engulfed in a cloud of scalding steam.
Agnes hits you with a +0 antimagic lajatang!!
You feel your power leaking away.
You don't have enough magic to cast this spell.
You feel yourself speed up.
Agnes is engulfed in a cloud of scalding steam.
Agnes hits you with a +0 antimagic lajatang!
* * * LOW HITPOINT WARNING * * *
You puncture Agnes! You drain Agnes.
Agnes hits you with a +0 antimagic lajatang!!
* * * LOW HITPOINT WARNING * * *
The skeletal warrior is engulfed in a cloud of scalding steam.
Aim: Agnes, wielding a +0 antimagic lajatang and wearing a +0 robe (steam, severely wounded, lightly drained, umbra, 38% to hit)
The bolt of acid hits Agnes!
The bolt of acid hits the skeletal warrior.
The acid corrodes the skeletal warrior!
Agnes is engulfed in a cloud of scalding steam.
Agnes hits you with a +0 antimagic lajatang.
* * * LOW HITPOINT WARNING * * *
Agnes is engulfed in a cloud of scalding steam.
Agnes hits you with a +0 antimagic lajatang!!
* * * LOW HITPOINT WARNING * * *
A skeletal warrior comes into view. It is wielding a +0 dire flail.
You feel as though your hastened speed will last longer.
Agnes hits you with a +0 antimagic lajatang!!
You die...

## .###### ......#
#..##. ......# #...#.
......# .....
......######...
......#........
......#.#####..#####.#.#
......'.......>.@izz.zz.
......#.#######.####.#.#
...........# #.#
####+#####.# #.#
#.####.# #......#
#.###### ###


You could see Agnes (drained) and 4 skeletal warriors.

Vanquished Creatures
  Kirke (D:12)
  An ettin (D:13)
  Harold (D:7)
  An ice dragon (D:13)
  2 boulder beetles (D:13)
  9 hydras
  3 centaur warriors
  A two-headed ogre (D:12)
  9 death yaks
  3 skeletal warriors (D:14)
  2 lindwurms (Lair:6)
  A necromancer (D:13)
  3 ugly things (D:14)
  An oklob plant (Lair:6)
  4 cyclopes
  A manticore (D:13)
  A manticore (shapeshifter) (D:13)
  6 elephants (Lair:6)
  12 cane toads
  2 torpor snails (Lair:6)
  5 black mambas
  3 gargoyles
  6 rime drakes
  Maggie (Lair:1)
  8 komodo dragons
  3 trolls
  A hornet (D:8)
  3 polar bears
  A tarantella (shapeshifter) (D:13)
  6 slime creatures (D:12)
  11 blink frogs
  10 dream sheep
  A centaur simulacrum (D:14)
  A shadow (D:12)
  86 yaks
  A culicivora (shapeshifter) (D:13)
  Eustachio (D:6)
  5 wraiths
  A fire bat (Volcano)
  5 wyverns
  5 basilisks
  2 hogs (D:12)
  17 vampire mosquitoes
  21 water moccasins
  2 hell hounds (Lair:4)
  5 acid dragons
  6 orc warriors
  4 black bears (D:8)
  An ice beast (D:5)
  2 necrophages
  10 boggarts (D:14)
  12 wolves
  An ogre (D:4)
  3 centaurs
  A phantom (D:7)
  4 kobold brigands
  10 bullfrogs
  5 scorpions
  A water moccasin skeleton (D:7)
  4 killer bees (D:10)
  3 wights (D:8)
  6 howler monkeys
  3 jellies
  4 centaur zombies
  4 hounds
  Crazy Yiuf (D:6)
  5 orc priests
  A gnoll shaman (D:9)
  4 iguanas
  9 hell rats
  A scorpion zombie (D:5)
  14 orc wizards
  A killer bee zombie (D:7)
  A howler monkey zombie (D:8)
  8 adders
  4 gnolls (D:9)
  10 river rats (Lair:2)
  A white imp (D:5)
  An ufetubus (D:4)
  3 adder skeletons
  A worm (D:4)
  3 dart slugs
  47 orcs
  5 ball pythons
  5 endoplasms
  5 giant cockroaches
  4 goblins (D:1)
  8 hobgoblins
  3 jackals (D:1)
  3 quokkas
  7 bats
  4 frilled lizards
  A jackal skeleton (D:4)
  21 kobolds
  7 rats
547 creatures vanquished.

Vanquished Creatures (others)
  A shadow (D:12)
  A human (D:12)
  A bush (Lair:4)
  37 fungi
  58 plants
98 creatures vanquished.

Grand Total: 645 creatures vanquished

Notes
Turn   | Place    | Note
-------+----------+-------------------------------------------
     0 | D:1      | CryoSword the Draconian Conjurer began the quest for the
                  | Orb.
     0 | D:1      | Reached XP level 1. HP: 14/14 MP: 3/3
   389 | D:1      | Reached XP level 2. HP: 22/22 MP: 0/5
   593 | D:1      | Reached skill level 1 in Fighting
  1005 | D:1      | Learned a level 2 spell: Searing Ray
  1038 | D:1      | Reached XP level 3. HP: 28/28 MP: 2/6
  1531 | D:1      | Found Zouffep's Jewellery Shoppe.
  1944 | D:2      | Found Qinuil's Distillery.
  1949 | D:2      | Bought a potion of degeneration for 14 gold pieces
  2014 | D:2      | Reached XP level 4. HP: 36/36 MP: 3/7
  2347 | D:2      | Reached skill level 2 in Fighting
  2586 | D:2      | Found a faded altar of an unknown god.
  2800 | D:3      | Reached XP level 5. HP: 23/42 MP: 0/9
  4224 | D:4      | Identified the ring "Cafikh" {rF- rN+ MP+9 Str+2}
  4331 | D:4      | Reached skill level 3 in Fighting
  4331 | D:4      | Reached skill level 5 in Conjurations
  4331 | D:4      | Reached XP level 6. HP: 46/51 MP: 10/10
  4704 | D:4      | Noticed a yak
  4705 | D:4      | Noticed a yak
  4706 | D:4      | Noticed a yak
  4714 | D:4      | Noticed a yak
  4716 | D:4      | Killed a yak
  4717 | D:4      | Reached skill level 4 in Fighting
  4717 | D:4      | Your scales start taking on a pale cyan-grey colour.
  4717 | D:4      | Reached XP level 7. HP: 54/59 MP: 11/11
  4717 | D:4      | Gained mutation: You are immune to the effects of steam.
                  | [Pale Draconian growth]
  4719 | D:4      | Killed a yak
  4719 | D:4      | Killed a yak
  4721 | D:4      | Killed a yak
  4722 | D:4      | Reached XP level 8. HP: 55/67 MP: 4/12
  4874 | D:4      | Reached skill level 5 in Fighting
  4874 | D:4      | Reached skill level 5 in Stealth
  5314 | D:5      | Entered Level 5 of the Dungeon
  5427 | D:5      | Noticed a troll
  5433 | D:5      | Killed a troll
  5992 | D:5      | Found Emecyim's Book Emporium.
  6138 | D:5      | Found a staircase to the Ecumenical Temple.
  6273 | Temple   | Entered the Ecumenical Temple
  6520 | Temple   | Became a worshipper of Dithmenos the Shadowed
  6925 | D:5      | Found a sparkling altar of Nemelex Xobeh.
  6949 | D:5      | Reached skill level 5 in Dodging
  7044 | D:5      | You fall into a shaft and drop 3 floors!
  7061 | D:8      | Reached skill level 6 in Fighting
  7160 | D:6      | Noticed Eustachio
  7173 | D:6      | Killed Eustachio
  7174 | D:6      | Reached XP level 9. HP: 58/75 MP: 2/13
  7417 | D:6      | Found Hinel's CLEARANCE SALE!.
  7421 | D:6      | Noticed a troll
  7452 | D:6      | Killed a troll
  7453 | D:6      | Reached skill level 1 in Short Blades
  7803 | D:6      | Reached * piety under Dithmenos
  8425 | D:6      | Found a runed translucent door.
  8426 | D:6      | Noticed Crazy Yiuf
  8432 | D:6      | Killed Crazy Yiuf
  8745 | D:2      | Bought a potion of curing for 42 gold pieces
  8745 | D:2      | Bought a potion of lignification for 42 gold pieces
  8745 | D:2      | Bought a potion of heal wounds for 70 gold pieces
  8745 | D:2      | Bought a potion of ambrosia for 112 gold pieces
  8991 | D:7      | Noticed Harold
  9566 | D:7      | Killed Harold
  9567 | D:7      | Reached skill level 7 in Fighting
 10583 | D:8      | Reached XP level 10. HP: 86/86 MP: 16/16
 11064 | D:8      | Found a staircase to the Lair.
 11600 | D:8      | Reached skill level 5 in Spellcasting
 11905 | D:8      | Reached skill level 8 in Fighting
 12145 | D:9      | Reached ** piety under Dithmenos
 12687 | D:9      | Learned a level 4 spell: Sticky Flame
 13071 | D:10     | Entered Level 10 of the Dungeon
 13215 | D:10     | Reached XP level 11. HP: 95/95 MP: 12/18
 13327 | D:10     | Reached skill level 1 in Fire Magic
 15089 | D:11     | Found a staircase to the Orcish Mines.
 15510 | D:11     | Noticed a four-headed hydra
 15515 | D:11     | Killed a four-headed hydra
 15716 | D:11     | Reached skill level 9 in Fighting
 15728 | D:11     | Reached *** piety under Dithmenos
 15859 | D:11     | Reached skill level 5 in Fire Magic
 16428 | D:2      | Bought a potion of brilliance for 56 gold pieces
 16428 | D:2      | Bought a potion of haste for 140 gold pieces
 16428 | D:2      | Bought a potion of mutation for 112 gold pieces
 16428 | D:2      | Bought a potion of flight for 42 gold pieces
 16428 | D:2      | Bought a potion of curing for 42 gold pieces
 16590 | Lair:1   | Entered Level 1 of the Lair of Beasts
 16912 | Lair:1   | Noticed a four-headed hydra
 16929 | Lair:1   | Killed a four-headed hydra
 17165 | Lair:1   | Reached XP level 12. HP: 95/105 MP: 1/19
 17827 | Lair:1   | Noticed Maggie
 17840 | Lair:1   | Killed Maggie
 18595 | Lair:2   | Noticed a four-headed hydra
 18611 | Lair:2   | Killed a four-headed hydra
 18612 | Lair:2   | Reached skill level 10 in Fighting
 19849 | Lair:3   | Found a staircase to the Swamp.
 20404 | Lair:3   | Reached **** piety under Dithmenos
 20426 | Lair:3   | Reached skill level 10 in Stealth
 21178 | Lair:4   | Reached skill level 5 in Short Blades
 21208 | Lair:4   | Found a staircase to the Snake Pit.
 21282 | Lair:4   | Reached XP level 13. HP: 58/115 MP: 9/20
 21288 | Lair:4   | You fall into a shaft and drop 2 floors!
 21288 | Lair:6   | Entered Level 6 of the Lair of Beasts
 21427 | Lair:5   | Found a transporter.
 21457 | Lair:5   | Found a transporter.
 21609 | Lair:4   | Found a dark tunnel.
 21619 | Lair:4   | Reached skill level 11 in Fighting
 21626 | Volcano  | Entered a volcano
 23127 | Lair:2   | Reached skill level 10 in Fire Magic
 24491 | Lair:5   | Learned a level 3 spell: Mephitic Cloud
 24822 | Lair:5   | Reached skill level 1 in Air Magic
 24941 | Lair:5   | Noticed Peloso's ghost (journeyman MiFi)
 25252 | Lair:6   | Reached ***** piety under Dithmenos
 25299 | Lair:6   | Reached skill level 10 in Dodging
 26723 | Lair:6   | Found a staircase to the Slime Pits.
 27307 | Lair:6   | Reached skill level 12 in Fighting
 27343 | Lair:6   | Reached XP level 14. HP: 47/126 MP: 2/23
 29495 | D:12     | Noticed Kirke
 29516 | D:12     | Killed Kirke
 29851 | D:12     | Learned a level 4 spell: Iskenderun's Mystic Blast
 30470 | D:12     | Reached skill level 1 in Translocations
 30526 | D:12     | Reached skill level 1 in Shields
 31837 | D:13     | HP: 5/127 [ice dragon/blast of cold (57)]
 32466 | D:13     | Found a gate to the Vaults.
 32975 | D:5      | Bought the Compendium of Battle Magic for 528 gold pieces
 34123 | D:14     | Noticed Agnes
 34130 | D:14     | HP: 4/127 [Agnes/+0 antimagic lajatang (27)]
 34131 | D:14     | Annihilated by Agnes

Illustrated notes

Levels and vault maps discovered:
D:1:      minmay_arrival_stone_box, layout_basic, serial_shops,
          nicolae_shop_waterfront, minmay_liquid_box,
          nicolae_concentric_dashed_squares_mild,
          chequers_serial_rivers_micro_e, nrook_campfire, minmay_cut_off
D:2:      layout_loops_ring, hellmonk_ecumenical_altar_run_dry, serial_shops,
          shop
D:3:      mumra_celtic_spiral_tile, layout_loops_corners, serial_shops,
          nicolae_diamond_shop, grunt_decor_mini_mirrors
D:4:      layout_loops_ring
D:5:      layout_basic, mainiacjoe_overflow_alcove_1,
          minmay_temple_entry_proselytizer, serial_shops, shop,
          grunt_decor_fettered, st_stairs_9
D:6:      layout_basic, nicolae_shop_clearance, uniq_crazy_yiuf_cottage,
          uniq_eustachio
D:7:      layout_loops_corners, chequers_serial_rivers_small_a,
          serial_bayou_pond_d, minmay_fountain_box, uniq_harold
D:8:      layout_basic, minmay_lair_entry_grove
D:9:      layout_roguey
D:10:     layout_basic
D:11:     layout_roguey, david_orc_3, nicolae_twisting_strands, st_stairs_7
D:12:     layout_long_grid, uniq_kirke
D:13:     layout_loops_ring, david_vaults_4
D:14:     layout_basic, hangedman_abyss_or_decor_passed, uniq_agnes
Temple:   mainiacjoe_temple_starburst
Lair:1:   layout_gridlike, uniq_maggie
Lair:2:   layout_gridlike, kennysheep_rathole, infiniplex_staircase_pool_2
Lair:3:   layout_hall_layers, swamp_mist
Lair:4:   layout_gridlike, dummy_snake_entry, enter_volcano_3,
          lemuel_fruit_fields
Lair:5:   layout_roguey, gammafunk_ghost_arena, minmay_hedge_maze, st_stairs_13,
          chequers_serial_rivers_room_a
Lair:6:   hangedman_lair_in_review, layout_cave_pods,
          minmay_slime_entry_oklob_enclosed

Skill      XL: |  1  2  3  4  5  6  7  8  9 10 11 12 13 14 |
---------------+-------------------------------------------+-----
Stealth        | 2 3 4 6 7 8 9 10 | 10.1
Fighting       | 1 2 3 4 6 7 8 9 10 12 | 12.8
Dodging        | 2 3 4 5 6 7 8 9 10 | 10.5
Conjurations   | 5 6 7 8 9 |  9.6
Short Blades   | 3 4 5 7 9 |  9.8
Spellcasting   | 4 5 6 |  6.8
Fire Magic     | 6 9 11 | 11.9
Air Magic      | 3 4 |  4.0
Translocations | 2 |  2.9
Shields        | 4 |  4.0

Action                   |  1- 3 |  4- 6 |  7- 9 | 10-12 | 13-15 || total
-------------------------+-------+-------+-------+-------+-------++-------
Melee: Unarmed           |    11 |       |       |       |       ||    11
       Dagger            |     3 |       |       |       |       ||     3
       Tailslap          |     1 |       |       |    18 |    54 ||    73
       Mace              |    15 |     4 |       |       |       ||    19
       Rapier            |       |       |     3 |    77 |   236 ||   316
       Punch             |       |       |       |       |     4 ||     4
Throw: Dart              |       |       |     1 |       |       ||     1
 Cast: Magic Dart        |    67 |    55 |    36 |    88 |    20 ||   266
       Searing Ray       |     9 |    21 |    65 |   155 |   102 ||   352
       Sticky Flame      |       |       |       |    27 |    64 ||    91
       Mephitic Cloud    |       |       |       |       |    11 ||    11
       Iskenderun's Myst |       |       |       |       |     1 ||     1
 Abil: Breathe Steam     |       |       |    13 |    70 |    69 ||   152
Evoke: Wand              |       |       |       |       |     1 ||     1
  Use: Scroll            |       |       |     4 |    12 |     6 ||    22
       Potion            |       |       |       |       |     5 ||     5
 Stab: Sleeping          |       |       |       |     2 |    19 ||    21
       Distracted        |       |       |       |       |     1 ||     1
       Confused          |       |       |       |       |     1 ||     1
Armor: Skin              |     8 |     8 |    23 |    76 |   128 ||   243
Dodge: Dodged            |    23 |    10 |    46 |   263 |   450 ||   792
Block: Buckler           |       |       |       |       |    27 ||    27
